 Dungeon Crawl Stone Soup version 0.19-a0-1468-ge013c26 (webtiles) character file.

250 Legolas the Slasher (level 5, -1/36 HPs)
             Began as a High Elf Fighter on Sept 7, 2016.
             Was a Follower of Okawaru.
             Slain by an ogre
             ... wielding a +0 giant club
              (20 damage)
             ... on level 4 of the Dungeon.
             The game lasted 00:03:26 (3353 turns).

Legolas the Slasher (High Elf Fighter)              Turns: 3353, Time: 00:03:27

Health: -1/36      AC:  8    Str: 16    XL:     5   Next: 88%
Magic:  6/6        EV: 10    Int: 11    God:    Okawaru [*.....]
Gold:   201        SH:  0    Dex: 15    Spells: 0 memorised, 4 levels left

rFire  . . .     SeeInvis .     a - +0 long sword
rCold  + . .     Gourm    .     b - +0 scale mail
rNeg   . . .     Faith    .     (no shield)
rPois  .         Spirit   .     (no helmet)
rElec  .         Dismiss  .     (no cloak)
rCorr  .         Reflect  .     o - +0 pair of gloves
MR     .....     Harm     .     (no boots)
Stlth  ..........               (no amulet)
                                (no ring)
                                z - ring of protection from cold

@: no status effects
A: no striking features
a: Heroism, Renounce Religion


You were on level 4 of the Dungeon.
You worshipped Okawaru.
Okawaru was aware of your devotion.
You were not hungry.

You visited 1 branch of the dungeon, and saw 4 of its levels.

You collected 201 gold pieces.

Inventory:

Hand Weapons
 a - a +0 long sword (weapon)
Armour
 b - a +0 scale mail (worn)
 c - a +0 shield
 j - a +0 plate armour
 o - a +0 pair of gloves (worn)
Jewellery
 z - a ring of protection from cold (left hand)
Wands
 q - a wand of slowing (21/48)
 s - a wand of enslavement (19/24)
 u - a wand of lightning (9/15)
Scrolls
 d - a scroll of teleportation {unknown}
 k - a scroll of magic mapping
 l - a scroll of amnesia {unknown}
 p - 3 scrolls of fog
 v - a scroll of enchant weapon {unknown}
 y - a scroll of identify {unknown}
Potions
 e - a potion of mutation {unknown}
 g - 2 potions of lignification {unknown}
 h - a potion of agility {unknown}
 m - 2 potions of haste {unknown}
 n - a potion of brilliance {unknown}
 r - 2 potions of cancellation {unknown}
 x - a potion of berserk rage {unknown}
Books
 t - a Necronomicon

   Spells                             Type                      Level
   a - Haunt                          Necromancy/Summoning         7
   b - Borgnjor's Revivification      Necromancy                   8
   c - Death's Door                   Charms/Necromancy            8
   d - Infestation                    Necromancy                   8
   e - Necromutation                  Transmutation/Necromancy     8
Comestibles
 f - 3 bread rations
 i - 2 meat rations
 w - a beef jerky


   Skills:
 + Level 3.6 Fighting
 * Level 4.6 Long Blades
 + Level 4.0 Armour
 + Level 2.3 Dodging
 - Level 2.6 Shields
 * Level 1.3 Invocations


You had 4 spell levels left.
You didn't know any spells.

Dungeon Overview and Level Annotations

Branches:
Dungeon (4/15)
 Temple: D:4-7

Altars:
Fedhas
Okawaru


Message History

There is an open door here.
You open the door.
An ogre comes into view. It is wielding a giant club.
The ogre shouts!
There is an open door here.
An ogre is nearby!
Evoke which item? (* to show all) (? for menu, Esc to quit)
Zapping:
q - a wand of slowing {zapped: 7} (will waste charges)
Press: ? - help, Shift-Dir - straight line, f - ogre
Aim: an ogre, wielding a giant club (chance to defeat MR: 51%)
The ogre seems to slow down.
Evoking this partially-identified wand wasted a few charges.
The ogre hits you with a giant club!
You slash the ogre!
The ogre is moderately wounded.
You hit the ogre but do no damage.
The ogre is moderately wounded.
The ogre hits you with a giant club!!
Ouch! That really hurt!
You die...

#...... #########
#...... #.......#
#.....######.......#
#.....#...........####
#.....#...........#...
#.....'...........#...
#.....#...........'...
#.....#...##......#...
#....@#...##......#...
#....O#...'.......#...
#.....#...##......#...
#.....#...##......####
#.....#...........#
#.....#...........#
#.....#...##......#
#.....#...##......#
#....+......##


You could see an ogre.

Vanquished Creatures
  2 howler monkeys (D:4)
  A hound (D:4)
  Ijyb (D:2)
  5 adders
  2 dart slugs
  A giant gecko (D:1)
  4 orcs (D:3)
  6 giant cockroaches
  4 goblins
  8 hobgoblins
  7 jackals
  10 kobolds
  2 quokkas (D:2)
  A ball python (D:2)
  2 bats
  5 giant newts
  7 rats
68 creatures vanquished.

Vanquished Creatures (others)
  4 toadstools (D:1)
4 creatures vanquished.

Grand Total: 72 creatures vanquished

Notes
Turn   | Place    | Note
-------+----------+-------------------------------------------
     0 | D:1      | Legolas the High Elf Fighter began the quest for the Orb.
     0 | D:1      | Reached XP level 1. HP: 16/16 MP: 2/2
    92 | D:1      | Reached XP level 2. HP: 5/21 MP: 3/3
   937 | D:2      | Reached XP level 3. HP: 22/26 MP: 4/4
  1007 | D:2      | Noticed Ijyb
  1031 | D:2      | Killed Ijyb
  1031 | D:2      | Reached skill level 1 in Dodging
  1228 | D:2      | Reached XP level 4. HP: 28/31 MP: 5/5
  1636 | D:3      | Found an iron altar of Okawaru.
  1654 | D:3      | Became a worshipper of Warmaster Okawaru
  2412 | D:3      | Reached XP level 5. HP: 34/36 MP: 6/6
  2673 | D:3      | Found a blossoming altar of Fedhas.
  2830 | D:4      | Reached skill level 1 in Invocations
  2949 | D:4      | Reached * piety under Okawaru
  3347 | D:4      | Noticed an ogre
  3353 | D:4      | Slain by an ogre

Vault maps used:
D:1:      ldierk_water_garden
D:2:      uniq_iyjb
D:3:      serial_bayou, serial_bayou_pond_a, serial_bayou_ford_a,
          serial_bayou_pond_e, serial_bayou_lagoon_b, kennysheep_flooded_box,
          st_stairs_10, okawaru_metal_pillars_1_2
D:4:      lemuel_upstairs_altar, first_bread

Skill      XL: |  1  2  3  4  5 |
---------------+----------------+-----
Armour         | 3 4 |  4.0
Long Blades    | 3 4 |  4.6
Dodging        | 1 2 |  2.3
Invocations    | 1 |  1.3
Fighting       | |  3.6
Shields        | |  2.6

Action                   |  1- 3 |  4- 6 || total
-------------------------+-------+-------++-------
Melee: Long sword        |   137 |   143 ||   280
Evoke: Wand              |       |     1 ||     1
  Use: Potion            |     1 |       ||     1
       Scroll            |       |     4 ||     4
  Eat: Chunk             |     1 |     5 ||     6
       Meat ration       |       |     1 ||     1
Armor: Scale mail        |    51 |    67 ||   118
Dodge: Dodged            |    27 |    47 ||    74
Block: Shield            |    61 |    30 ||    91
